2326 views
Uploaded 2022-03-27 18:48:03
Game version 1.32.10
26:01 long 1on1on1on1 ladder game on (4)Deathrose
Saved by IIlIIlIllIII
2326 views
Uploaded 2022-03-27 18:48:03
Game version 1.32.10
26:01 long 1on1on1on1 ladder game on (4)Deathrose

70 units @ 9k
/ 1k
28 buildings @ 5.2k
/ 2.1k



| Healing Salve | 3 | 300 |
| Scroll of Speed | 2 | 100 |
| Orb of Lightning | 1 | 375 |
| Tiny Great Hall | 1 | 600 |
| Lesser Clarity Potion | 2 | 140 |
| Potion of Mana | 2 | 400 |
| Potion of Healing | 2 | 300 |
| Scroll of Town Portal | 3 | 1050 |
| Dust of Appearance | 1 | 75 |
| Scroll of Healing | 2 | 500 |
| Potion of Lesser Invulnerability | 2 | 300 |
| Boots of Speed | 1 | 250 |
| Scroll of Protection | 1 | 150 |
| Sentry Wards | 2 | 300 |
| Runed Bracers | 1 | 400 |
| Ring of Protection +4 | 1 | 300 |
| Wand of Illusion | 1 | 150 |
| Slippers of Agility +3 | 1 | 100 |
| Claws of Attack +9 | 1 | 300 |
| Crown of Kings +5 | 1 | 1000 |
| total: | 31 | 7090g |
| Peon | 33 | 2475 | / | 0 |
| Grunt | 3 | 600 | / | 0 |
| Troll Headhunter | 6 | 840 | / | 120 |
| Kodo Beast | 1 | 255 | / | 60 |
| Troll Berserker | 10 | 1400 | / | 200 |
| Spirit Walker | 4 | 780 | / | 140 |
| Tauren | 2 | 560 | / | 160 |
| Shaman | 5 | 650 | / | 100 |
| Troll Witch Doctor | 1 | 145 | / | 25 |
| Wind Rider | 5 | 1325 | / | 200 |
| total: | 70 | 9030g | / | 1005w |
| Altar of Storms | 2 | 360 | / | 100 |
| Orc Burrow | 8 | 1280 | / | 320 |
| Barracks | 4 | 720 | / | 200 |
| Voodoo Lounge | 3 | 390 | / | 90 |
| Great Hall | 3 | 1155 | / | 555 |
| War Mill | 2 | 410 | / | 0 |
| Beastiary | 4 | 580 | / | 560 |
| Tauren Totem | 1 | 135 | / | 155 |
| Spirit Lodge | 1 | 150 | / | 150 |
| Stronghold | 1 | 315 | / | 190 |
| Fortress | 1 | 325 | / | 190 |
| total: | 28 | 5180g | / | 2130w |
| 0:01 | Peon |
| 0:04 | Altar of Storms |
| 0:05 | Altar of Storms |
| 0:15 | Peon |
| 0:17 | Orc Burrow |
| 0:28 | Peon |
| 0:34 | Barracks |
| 0:40 | Peon |
| 1:13 | Peon |
| 1:17 | Orc Burrow |
| 1:35 | Voodoo Lounge |
| 1:43 | Grunt |
| 2:06 | Wind Walk |
| 2:13 | Grunt |
| 2:46 | Healing Salve |
| 2:46 | Healing Salve |
| 2:46 | Scroll of Speed |
| 2:54 | Stronghold |
| 2:59 | Grunt |
| 3:42 | Critical Strike |
| 4:06 | Great Hall |
| 4:12 | War Mill |
| 5:02 | Wind Walk |
| 5:15 | Peon |
| 5:16 | Peon |
| 6:12 | Hex |
| 6:13 | Healing Salve |
| 6:13 | Fortress |
| 6:20 | Orc Burrow |
| 6:38 | Peon |
| 6:38 | Peon |
| 6:45 | Peon |
| 6:57 | Troll Headhunter |
| 7:07 | Beastiary |
| 7:20 | Troll Headhunter |
| 7:34 | Troll Headhunter |
| 7:39 | Peon |
| 8:02 | Healing Wave |
| 8:08 | Troll Headhunter |
| 8:23 | Beastiary |
| 8:24 | Troll Headhunter |
| 8:46 | Orb of Lightning |
| 8:53 | Tiny Great Hall |
| 8:56 | Peon |
| 9:03 | Peon |
| 9:18 | Liquid Fire |
| 9:29 | Peon |
| 9:31 | Peon |
| 9:32 | Peon |
| 9:32 | Peon |
| 9:32 | Peon |
| 9:36 | Peon |
| 9:38 | Endurance Aura |
| 9:40 | Berserker Upgrade |
| 9:43 | Kodo Beast |
| 9:45 | Critical Strike |
| 10:13 | Troll Headhunter |
| 10:36 | Orc Burrow |
| 10:51 | Healing Wave |
| 11:01 | Troll Berserker |
| 11:03 | War Drums Damage Increase |
| 11:04 | Orc Burrow |
| 11:08 | Troll Berserker |
| 11:32 | Tauren Totem |
| 11:35 | Troll Berserker |
| 11:40 | Peon |
| 11:48 | Lesser Clarity Potion |
| 11:49 | Scroll of Town Portal |
| 11:50 | Potion of Mana |
| 11:50 | Potion of Mana |
| 11:56 | War Stomp |
| 12:03 | Troll Berserker |
| 12:26 | Troll Berserker |
| 12:30 | Spirit Lodge |
| 12:32 | Peon |
| 12:35 | Steel Armor |
| 12:43 | Dust of Appearance |
| 12:52 | Troll Berserker |
| 12:59 | Troll Berserker |
| 13:03 | Spirit Walker |
| 13:03 | Spirit Walker Adept Training |
| 13:31 | Troll Berserker |
| 13:31 | Troll Berserker |
| 13:41 | Tauren |
| 13:42 | Tauren |
| 13:52 | Potion of Lesser Invulnerability |
| 13:57 | Shaman |
| 13:57 | Shaman |
| 13:58 | Shaman Adept Training |
| 14:01 | Voodoo Lounge |
| 14:13 | Beastiary |
| 14:34 | Scroll of Town Portal |
| 14:34 | Boots of Speed |
| 14:34 | Scroll of Healing |
| 14:34 | Scroll of Protection |
| 14:37 | Scroll of Healing |
| 14:49 | Peon |
| 15:20 | Orc Burrow |
| 15:35 | Great Hall |
| 15:45 | Thorium Armor |
| 15:51 | Pillage |
| 15:53 | Backpack |
| 15:54 | Voodoo Lounge |
| 16:07 | Shaman Master Training |
| 16:08 | Spirit Walker Master Training |
| 16:13 | Orc Burrow |
| 16:33 | Orc Burrow |
| 16:54 | Wind Walk |
| 16:59 | Hex |
| 17:01 | War Stomp |
| 17:36 | Troll Regeneration |
| 17:53 | Peon |
| 17:56 | Beastiary |
| 18:09 | Peon |
| 18:09 | Peon |
| 18:09 | Peon |
| 18:10 | Peon |
| 18:10 | Peon |
| 18:24 | Shaman |
| 18:26 | Troll Witch Doctor |
| 18:27 | Shaman |
| 18:28 | Witch Doctor Adept Training |
| 18:36 | Sentry Wards |
| 18:40 | Sentry Wards |
| 18:46 | Barracks |
| 18:47 | Barracks |
| 18:49 | Peon |
| 18:49 | Peon |
| 19:04 | Barracks |
| 19:16 | Potion of Lesser Invulnerability |
| 19:40 | Envenomed Spears |
| 19:46 | Lesser Clarity Potion |
| 19:54 | Runed Bracers |
| 20:14 | Reinforced Defenses |
| 20:18 | Peon |
| 20:35 | Ring of Protection +4 |
| 20:36 | Wand of Illusion |
| 20:45 | Slippers of Agility +3 |
| 20:46 | Claws of Attack +9 |
| 20:47 | Crown of Kings +5 |
| 21:23 | Ensnare |
| 21:53 | Wind Rider |
| 21:58 | Spirit Walker |
| 22:06 | Shaman |
| 22:18 | Peon |
| 22:19 | Peon |
| 22:20 | Endurance Aura |
| 22:28 | Scroll of Town Portal |
| 22:28 | Scroll of Speed |
| 22:46 | Spirit Walker |
| 22:48 | Wind Rider |
| 22:54 | War Mill |
| 22:55 | Arcanite Armor |
| 23:36 | Wind Rider |
| 23:49 | Spirit Walker |
| 23:56 | Troll Berserker |
| 24:04 | Great Hall |
| 24:07 | Steel Ranged Weapons |
| 24:12 | Wind Rider |
| 24:15 | Potion of Healing |
| 24:17 | Potion of Healing |
| 25:19 | Wind Rider |
| 25:54 | War Stomp |
| Right click | 1836 |
| Select group | 1823 |
| Select | 771 |
| Misc. action | 438 |
| Build/train/purchase | 290 |
| Chat | 277 |
| Assign group | 266 |
| Use ability | 99 |
| Item give/drop | 14 |
| Esc | 8 |
46 units @ 7k
/ 1.1k
38 buildings @ 4.6k
/ 2.5k



| Mechanical Critter | 2 | 100 |
| Scroll of Regeneration | 4 | 400 |
| Orb of Fire | 1 | 325 |
| Scroll of Town Portal | 4 | 1400 |
| Scroll of Healing | 3 | 750 |
| Potion of Lesser Invulnerability | 1 | 150 |
| Scroll of Protection | 2 | 300 |
| Periapt of Vitality | 1 | 325 |
| total: | 18 | 3750g |
| Peasant | 23 | 1725 | / | 0 |
| Footman | 3 | 405 | / | 0 |
| Gryphon Rider | 12 | 3360 | / | 840 |
| Priest | 2 | 270 | / | 20 |
| Spell Breaker | 4 | 860 | / | 120 |
| Mortar Team | 2 | 360 | / | 140 |
| total: | 46 | 6980g | / | 1120w |
| Scout Tower | 8 | 240 | / | 160 |
| Guard Tower | 6 | 420 | / | 300 |
| Altar of Kings | 1 | 180 | / | 50 |
| Barracks | 1 | 160 | / | 60 |
| Farm | 14 | 1120 | / | 280 |
| Lumber Mill | 1 | 120 | / | 0 |
| Arcane Vault | 1 | 130 | / | 30 |
| Blacksmith | 1 | 140 | / | 60 |
| Town Hall | 4 | 1540 | / | 820 |
| Gryphon Aviary | 3 | 420 | / | 450 |
| Arcane Sanctum | 2 | 300 | / | 280 |
| Workshop | 2 | 280 | / | 280 |
| Keep | 1 | 320 | / | 210 |
| Castle | 1 | 360 | / | 210 |
| total: | 38 | 4630g | / | 2470w |
| 0:01 | Peasant |
| 0:01 | Peasant |
| 0:07 | Altar of Kings |
| 0:17 | Barracks |
| 0:22 | Farm |
| 0:24 | Peasant |
| 0:33 | Peasant |
| 0:48 | Farm |
| 0:50 | Peasant |
| 1:02 | Peasant |
| 1:19 | Footman |
| 1:20 | Peasant |
| 1:38 | Farm |
| 1:42 | Footman |
| 1:49 | Peasant |
| 2:04 | Lumber Mill |
| 2:24 | Footman |
| 2:25 | Peasant |
| 2:32 | Peasant |
| 3:01 | Blizzard |
| 3:08 | Keep |
| 3:29 | Improved Lumber Harvesting |
| 3:45 | Scout Tower |
| 3:46 | Improved Masonry |
| 3:49 | Arcane Vault |
| 3:54 | Brilliance Aura |
| 4:12 | Scout Tower |
| 4:17 | Guard Tower |
| 4:33 | Farm |
| 5:02 | Guard Tower |
| 5:09 | Farm |
| 5:17 | Mechanical Critter |
| 5:17 | Scroll of Regeneration |
| 5:18 | Scroll of Regeneration |
| 5:20 | Mechanical Critter |
| 5:29 | Castle |
| 5:37 | Advanced Lumber Harvesting |
| 6:40 | Gryphon Aviary |
| 6:43 | Gryphon Aviary |
| 6:46 | Gryphon Aviary |
| 7:19 | Blacksmith |
| 7:22 | Farm |
| 7:23 | Advanced Masonry |
| 7:28 | Scroll of Regeneration |
| 7:31 | Storm Bolt |
| 8:32 | Town Hall |
| 8:40 | Blizzard |
| 8:58 | Scout Tower |
| 9:19 | Gryphon Rider |
| 9:31 | Holy Light |
| 10:04 | Guard Tower |
| 10:05 | Gryphon Rider |
| 10:20 | Thunder Clap |
| 10:21 | Gryphon Rider |
| 10:23 | Animal War Training |
| 10:25 | Studded Leather Armor |
| 10:40 | Arcane Sanctum |
| 10:59 | Gryphon Rider |
| 11:00 | Gryphon Rider |
| 11:19 | Farm |
| 11:20 | Farm |
| 11:20 | Farm |
| 11:21 | Farm |
| 11:36 | Reinforced Leather Armor |
| 11:44 | Gryphon Rider |
| 12:09 | Gryphon Rider |
| 12:12 | Priest Adept Training |
| 12:22 | Imbued Masonry |
| 12:44 | Arcane Sanctum |
| 12:59 | Devotion Aura |
| 13:05 | Iron Forged Swords |
| 13:09 | Scroll of Town Portal |
| 13:16 | Thunder Clap |
| 13:25 | Peasant |
| 13:25 | Peasant |
| 13:25 | Peasant |
| 13:34 | Priest |
| 13:37 | Farm |
| 13:38 | Farm |
| 13:40 | Scroll of Regeneration |
| 13:43 | Orb of Fire |
| 13:49 | Peasant |
| 13:49 | Peasant |
| 13:49 | Peasant |
| 14:12 | Storm Hammers |
| 14:25 | Potion of Lesser Invulnerability |
| 14:28 | Scroll of Protection |
| 14:34 | Scroll of Healing |
| 14:41 | Scout Tower |
| 14:43 | Scout Tower |
| 15:03 | Priest Master Training |
| 15:11 | Control Magic |
| 15:13 | Brilliance Aura |
| 15:46 | Town Hall |
| 15:48 | Town Hall |
| 15:52 | Holy Light |
| 15:59 | Priest |
| 16:01 | Gryphon Rider |
| 16:37 | Dragonhide Armor |
| 16:43 | Guard Tower |
| 16:47 | Scroll of Town Portal |
| 17:03 | Spell Breaker |
| 17:08 | Scout Tower |
| 17:19 | Spell Breaker |
| 17:39 | Spell Breaker |
| 17:59 | Scroll of Town Portal |
| 18:14 | Farm |
| 18:16 | Farm |
| 18:19 | Guard Tower |
| 18:22 | Scout Tower |
| 19:35 | Gryphon Rider |
| 19:53 | Guard Tower |
| 19:57 | Blizzard |
| 20:00 | Devotion Aura |
| 20:01 | Storm Bolt |
| 20:09 | Steel Forged Swords |
| 20:25 | Town Hall |
| 20:39 | Workshop |
| 20:41 | Workshop |
| 20:51 | Periapt of Vitality |
| 20:57 | Scroll of Protection |
| 20:57 | Scroll of Healing |
| 21:00 | Scroll of Healing |
| 21:11 | Scout Tower |
| 21:13 | Magic Sentry |
| 21:19 | Gryphon Rider |
| 21:26 | Spell Breaker |
| 22:15 | Peasant |
| 22:15 | Peasant |
| 22:15 | Peasant |
| 22:16 | Peasant |
| 22:17 | Peasant |
| 22:25 | Scroll of Town Portal |
| 22:46 | Gryphon Rider |
| 22:48 | Fragmentation Shards |
| 22:48 | Mortar Team |
| 23:45 | Peasant |
| 23:45 | Peasant |
| 23:52 | Mortar Team |
| 24:01 | Thunder Clap |
| 24:04 | Holy Light |
| 25:58 | Gryphon Rider |
| Right click | 833 |
| Select group | 749 |
| Select | 452 |
| Misc. action | 151 |
| Build/train/purchase | 140 |
| Use ability | 87 |
| Assign group | 50 |
| Remove unit | 6 |
| Item give/drop | 3 |
| Esc | 2 |
51 units @ 6.1k
/ 0.7k
21 buildings @ 3.6k
/ 1.6k



| Healing Salve | 3 | 300 |
| Orb of Lightning | 1 | 375 |
| Tiny Great Hall | 1 | 600 |
| Claws of Attack +9 | 1 | 300 |
| total: | 6 | 1575g |
| Peon | 28 | 2100 | / | 0 |
| Troll Headhunter | 6 | 840 | / | 120 |
| Troll Witch Doctor | 7 | 1015 | / | 175 |
| Wind Rider | 3 | 795 | / | 120 |
| Shaman | 4 | 520 | / | 80 |
| Kodo Beast | 1 | 255 | / | 60 |
| Tauren | 2 | 560 | / | 160 |
| total: | 51 | 6085g | / | 715w |
| Orc Burrow | 9 | 1440 | / | 360 |
| Altar of Storms | 1 | 180 | / | 50 |
| War Mill | 2 | 410 | / | 0 |
| Barracks | 1 | 180 | / | 50 |
| Voodoo Lounge | 1 | 130 | / | 30 |
| Great Hall | 1 | 385 | / | 185 |
| Spirit Lodge | 3 | 450 | / | 450 |
| Tauren Totem | 1 | 135 | / | 155 |
| Beastiary | 2 | 290 | / | 280 |
| Stronghold | 1 | 315 | / | 190 |
| Fortress | 1 | 325 | / | 190 |
| total: | 21 | 3600g | / | 1560w |
| 0:02 | Peon |
| 0:02 | Peon |
| 0:03 | Peon |
| 0:18 | Orc Burrow |
| 0:33 | Altar of Storms |
| 0:38 | Peon |
| 0:50 | War Mill |
| 0:56 | Peon |
| 1:05 | Barracks |
| 1:14 | Peon |
| 1:20 | Peon |
| 1:41 | Orc Burrow |
| 1:44 | Peon |
| 2:06 | Troll Headhunter |
| 2:11 | Troll Headhunter |
| 2:35 | Critical Strike |
| 2:39 | Voodoo Lounge |
| 2:41 | Troll Headhunter |
| 2:47 | Peon |
| 3:11 | Troll Headhunter |
| 3:20 | Troll Headhunter |
| 3:30 | Troll Headhunter |
| 3:36 | Peon |
| 3:46 | Healing Salve |
| 4:28 | Great Hall |
| 4:46 | Wind Walk |
| 4:57 | Stronghold |
| 5:03 | Orc Burrow |
| 6:08 | Healing Salve |
| 6:08 | Healing Salve |
| 6:48 | Critical Strike |
| 7:12 | Peon |
| 7:12 | Peon |
| 7:12 | Peon |
| 7:13 | Peon |
| 7:28 | Spirit Lodge |
| 7:29 | Spirit Lodge |
| 7:33 | Fortress |
| 7:36 | Spirit Lodge |
| 7:46 | Troll Regeneration |
| 8:31 | Healing Wave |
| 8:43 | Wind Walk |
| 8:45 | Troll Witch Doctor |
| 8:45 | Troll Witch Doctor |
| 8:45 | Troll Witch Doctor |
| 8:45 | Troll Witch Doctor |
| 8:46 | Troll Witch Doctor |
| 8:49 | Witch Doctor Adept Training |
| 8:55 | Shaman Adept Training |
| 9:03 | Tauren Totem |
| 10:00 | Witch Doctor Master Training |
| 10:17 | Claws of Attack +9 |
| 10:42 | Troll Witch Doctor |
| 10:51 | Hex |
| 11:02 | War Stomp |
| 11:26 | Beastiary |
| 11:27 | Beastiary |
| 11:31 | Orc Burrow |
| 11:33 | Orc Burrow |
| 11:34 | Orc Burrow |
| 11:44 | Berserker Upgrade |
| 11:52 | Peon |
| 11:52 | Peon |
| 11:53 | Peon |
| 11:53 | Peon |
| 11:53 | Peon |
| 12:36 | Envenomed Spears |
| 12:37 | Wind Rider |
| 12:40 | War Mill |
| 12:59 | Shaman Master Training |
| 13:01 | Troll Witch Doctor |
| 13:13 | Wind Rider |
| 13:21 | Wind Rider |
| 13:35 | Shaman |
| 13:36 | Shaman |
| 13:36 | Shaman |
| 13:37 | Shaman |
| 13:42 | Peon |
| 13:42 | Peon |
| 13:42 | Peon |
| 13:42 | Peon |
| 14:37 | Kodo Beast |
| 14:43 | War Drums Damage Increase |
| 15:44 | Orb of Lightning |
| 16:40 | Tiny Great Hall |
| 16:59 | Orc Burrow |
| 17:02 | Orc Burrow |
| 17:03 | Orc Burrow |
| 18:03 | Tauren |
| 18:04 | Tauren |
| 18:27 | Peon |
| 18:27 | Peon |
| 18:27 | Peon |
| 18:27 | Peon |
| 18:27 | Peon |
| Right click | 420 |
| Select | 298 |
| Select group | 216 |
| Build/train/purchase | 85 |
| Use ability | 45 |
| Assign group | 24 |
| Misc. action | 14 |
| Remove unit | 10 |
| Item give/drop | 8 |
| Chat | 8 |
33 units @ 4.3k
/ 0.6k
17 buildings @ 3k
/ 1.2k



| Healing Salve | 3 | 300 |
| Lesser Clarity Potion | 2 | 140 |
| Scroll of Speed | 1 | 50 |
| Tiny Great Hall | 1 | 600 |
| Orb of Lightning | 1 | 375 |
| Potion of Mana | 2 | 400 |
| Potion of Healing | 2 | 300 |
| Scroll of Town Portal | 1 | 350 |
| total: | 13 | 2515g |
| Peon | 13 | 975 | / | 0 |
| Troll Headhunter | 7 | 980 | / | 140 |
| Troll Berserker | 7 | 980 | / | 140 |
| Tauren | 2 | 560 | / | 160 |
| Kodo Beast | 2 | 510 | / | 120 |
| Shaman | 1 | 130 | / | 20 |
| Spirit Walker | 1 | 195 | / | 35 |
| total: | 33 | 4330g | / | 615w |
| Altar of Storms | 1 | 180 | / | 50 |
| Orc Burrow | 7 | 1120 | / | 280 |
| War Mill | 2 | 410 | / | 0 |
| Barracks | 1 | 180 | / | 50 |
| Voodoo Lounge | 1 | 130 | / | 30 |
| Great Hall | 1 | 385 | / | 185 |
| Spirit Lodge | 1 | 150 | / | 150 |
| Tauren Totem | 2 | 270 | / | 310 |
| Beastiary | 1 | 145 | / | 140 |
| Stronghold | 1 | 315 | / | 190 |
| Fortress | 1 | 325 | / | 190 |
| total: | 17 | 2970g | / | 1195w |
| 0:03 | Altar of Storms |
| 0:03 | Peon |
| 0:03 | Peon |
| 0:11 | Orc Burrow |
| 0:25 | Peon |
| 0:48 | Peon |
| 0:49 | War Mill |
| 1:04 | Barracks |
| 1:11 | Peon |
| 1:18 | Peon |
| 1:37 | Orc Burrow |
| 1:41 | Peon |
| 2:02 | Voodoo Lounge |
| 2:05 | Wind Walk |
| 2:08 | Troll Headhunter |
| 2:27 | Troll Headhunter |
| 2:40 | Troll Headhunter |
| 3:08 | Stronghold |
| 3:17 | Healing Salve |
| 3:31 | Troll Headhunter |
| 3:35 | Critical Strike |
| 3:52 | Troll Headhunter |
| 4:09 | Healing Salve |
| 4:17 | Orc Burrow |
| 4:38 | Troll Headhunter |
| 4:56 | Critical Strike |
| 5:10 | Great Hall |
| 6:12 | Fortress |
| 6:14 | Spirit Lodge |
| 6:31 | Lesser Clarity Potion |
| 6:31 | Scroll of Speed |
| 6:35 | Troll Regeneration |
| 6:36 | Hex |
| 6:49 | Wind Walk |
| 7:26 | Troll Headhunter |
| 7:28 | Steel Ranged Weapons |
| 7:29 | Tauren Totem |
| 7:32 | Tauren Totem |
| 8:37 | Berserker Upgrade |
| 9:04 | Healing Wave |
| 9:46 | Healing Wave |
| 9:49 | Critical Strike |
| 9:52 | Shaman Adept Training |
| 9:57 | Peon |
| 9:57 | Peon |
| 9:57 | Peon |
| 9:58 | Peon |
| 9:59 | Orc Burrow |
| 10:02 | Spirit Walker Adept Training |
| 10:04 | Beastiary |
| 10:39 | Troll Berserker |
| 10:40 | Tauren |
| 10:52 | Peon |
| 10:52 | Peon |
| 11:07 | Bladestorm |
| 11:27 | Tiny Great Hall |
| 11:27 | Orb of Lightning |
| 11:46 | Troll Berserker |
| 11:53 | War Mill |
| 11:56 | War Stomp |
| 13:03 | Endurance Aura |
| 13:39 | Scroll of Town Portal |
| 13:45 | Kodo Beast |
| 13:45 | Troll Berserker |
| 13:46 | Shaman |
| 13:48 | Tauren |
| 13:49 | Steel Armor |
| 13:55 | Lesser Clarity Potion |
| 13:57 | Healing Salve |
| 14:01 | Troll Berserker |
| 14:06 | Orc Burrow |
| 14:07 | Troll Berserker |
| 14:19 | Kodo Beast |
| 14:21 | Troll Berserker |
| 14:22 | Shaman Master Training |
| 14:44 | Spirit Walker |
| 15:13 | Potion of Mana |
| 15:16 | Potion of Healing |
| 15:23 | Troll Berserker |
| 15:33 | Thorium Armor |
| 15:33 | Thorium Ranged Weapons |
| 15:47 | Orc Burrow |
| 15:49 | Orc Burrow |
| 16:37 | Potion of Healing |
| 16:37 | Potion of Mana |
| Right click | 975 |
| Select group | 900 |
| Select | 603 |
| Misc. action | 386 |
| Build/train/purchase | 111 |
| Assign group | 51 |
| Use ability | 40 |
⇛